 Dungeon Crawl Stone Soup version 0.30-a0-778-g2ef04afb54 (webtiles) character file.

Game seed: 10481958988171262192

174679 hikkokomori the Destroyer (level 17, -7/108 HPs)
             Began as a Gargoyle Earth Elementalist on Feb 16, 2023.
             Was the Champion of Vehumet.
             Shot with an arrow by a centaur warrior (9 damage)
             ... on level 1 of the Vaults.
             The game lasted 01:50:08 (31970 turns).

hikkokomori the Destroyer (GrEE)                   Turns: 31970, Time: 01:50:09

Health: -7/108     AC: 30    Str: 17    XL:     17   Next: 79%
Magic:  26/31      EV: 14    Int: 27    God:    Vehumet [******]
Gold:   3199       SH: 10    Dex: 10    Spells: 6/36 levels left

rFire   + . .      SeeInvis +    e - +9 demon trident (spect)
rCold   + + .      Faith    .    B - +0 buckler of Ignis's Castigation {rC++}
rNeg    + . .      Spirit   .    O - +2 robe {Archmagi}
rPois   ∞          Reflect  +    C - +2 helmet of Voracious Fun {rPois Str+3 Int+5}
rElec   +          Harm     .    u - +2 cloak
rCorr   .          Rampage  .    T - +2 pair of gloves {hurl}
Will    ++...      Archmagi +    U - +2 pair of boots
Stlth   ++++                     J - amulet of reflection
HPRegen 0.38/turn                t - ring of see invisible
MPRegen 0.22/turn                P - ring "Hoifepn" {rElec rPois rF+ Will+}

@: flying
A: sickness immunity, AC +12, big wings, negative energy resistance 1,
electricity resistance, torment resistance 1, petrification resistance, subdued
magic 1
}: 1/15 runes: gossamer
a: Renounce Religion


You were on level 1 of the Vaults.
You worshipped Vehumet.
Vehumet was exalted by your worship.
You visited 6 branches of the dungeon, and saw 28 of its levels.
You also visited: Ossuary and Gauntlet.

You collected 3715 gold pieces.
You spent 516 gold pieces at shops.

Inventory:

Hand Weapons
 e - a +9 spectral demon trident (weapon)
 y - a +8 trident of venom
Missiles
 i - 2 throwing nets
Armour
 f - the +0 ring mail "Tuydusau" {*Slow rF- rC++ Regen+ Dex+8}
   (You found it on level 3 of the Lair of Beasts)

   Dex:       It affects your dexterity (+8).
   rF:        It makes you vulnerable to fire.
   rC:        It greatly protects you from cold.
   Regen:     It increases your rate of health regeneration.
   *Slow:     It may slow you when you take damage.
 u - a +2 cloak (worn)
 B - the +0 buckler of Ignis's Castigation (worn) {rC++}
   (You found it on level 7 of the Dungeon)

   rC:        It greatly protects you from cold.
 C - the +2 helmet of Voracious Fun (worn) {rPois Str+3 Int+5}
   (You acquired it on level 7 of the Dungeon)

   Str:       It affects your strength (+3).
   Int:       It affects your intelligence (+5).
   rPois:     It protects you from poison.
 O - a +2 robe of the Archmagi (worn)
 R - a scarf of resistance
 T - a +2 pair of gloves of hurling (worn)
 U - a +2 pair of boots (worn)
Magical Staves
 H - a staff of conjuration
Jewellery
 k - a ring of wizardry
 r - a ring of fire
 t - a ring of see invisible (left hand)
 G - an amulet of magic regeneration
 J - an amulet of reflection (around neck)
 M - a ring of wizardry
 P - the ring "Hoifepn" (right hand) {rElec rPois rF+ Will+}
   (You found it in a Gauntlet)

   [ring of willpower]

   rF:        It protects you from fire.
   rElec:     It insulates you from electricity.
   rPois:     It protects you from poison.
   Will:      It increases your willpower.
 Q - a ring of resist corrosion
Wands
 a - a wand of digging (4)
 q - a wand of flame (56)
 S - a wand of roots (10)
 W - a wand of quicksilver (6)
Scrolls
 h - 5 scrolls of teleportation
 l - 7 scrolls of poison
 m - 6 scrolls of fear
 p - 5 scrolls of immolation
 D - 3 scrolls of magic mapping
 I - 3 scrolls of butterflies
 L - a scroll of fog
 V - a scroll of blinking
 X - a scroll of enchant weapon
 Z - 10 scrolls of identify
Potions
 b - a potion of magic
 d - 10 potions of curing
 g - 3 potions of heal wounds
 j - 4 potions of haste
 n - 9 potions of brilliance
 o - 6 potions of ambrosia
 s - 4 potions of berserk rage
 v - 6 potions of attraction
 w - 6 potions of mutation
 z - 10 potions of lignification
 A - 2 potions of resistance
 F - 6 potions of might
 K - 4 potions of cancellation
 N - 3 potions of invisibility
Miscellaneous
 x - a condenser vane
 Y - a box of beasts


   Skills:
 + Level 12.4 Fighting
 + Level 10.7 Polearms
 - Level 5.1 Armour
 + Level 7.5 Dodging
 + Level 10.6 Stealth
 - Level 8.3 Shields
 - Level 10.0 Spellcasting
 + Level 12.8 Conjurations
 + Level 4.3 Summonings
 - Level 4.3 Transmutations
 - Level 7.6 Fire Magic
 - Level 8.4 Ice Magic
 - Level 5.1 Air Magic
 - Level 10.3 Earth Magic
 - Level 5.1 Evocations


You had 6 spell levels left.
You knew the following spells:

 Your Spells              Type           Power      Damage    Failure   Level
a - Iron Shot             Conj/Erth      36%        9d7       1%          6
b - Spellforged Servitor  Conj/Summ      31%        N/A       28%         7
c - Freezing Cloud        Conj/Ice/Air   31%        6-21      1%          5
d - Ignite Poison         Fire/Tmut/Pois 40%        N/A       1%          3
e - Passwall              Tmut/Erth      47%        N/A       1%          2
f - Irradiate             Conj/Tmut      31%        3d22      1%          5
h - Wereblood             Tmut           42%        N/A       1%          2

Your spell library contained the following spells:

 Spells                   Type           Power      Damage    Failure   Level
 Ignition                 Fire           29%        3d9       96%         8
 Magic Dart               Conj           100%       1d8       0%          1
 Searing Ray              Conj           100%       2d8       0%          2
 Beastly Appendage        Tmut           84%        N/A       1%          1
 Foxfire                  Conj/Fire      100%       2x1d9     1%          1
 Freeze                   Ice            100%       1d10      1%          1
 Kiss of Death            Conj/Necr      100%       2d13      1%          1
 Sandblast                Erth           100%       2d20      1%          1
 Shock                    Conj/Air       100%       1d9       1%          1
 Summon Small Mammal      Summ           100%       N/A       1%          1
 Static Discharge         Conj/Air       100%       2-7/arc   1%          2
 Call Canine Familiar     Summ           42%        N/A       1%          3
 Frozen Ramparts          Ice            100%       1d16      1%          3
 Hailstorm                Conj/Ice       69%        3d14      1%          3
 Kindle Blastsparks       Fire/Tloc/Air  84%        2d17      1%          3
 Stone Arrow              Conj/Erth      100%       3d13      1%          3
 Swiftness                Air            47%        N/A       1%          3
 Airstrike                Air            23%        2d(4-20)  1%          4
 Animate Armour           Summ/Erth      100%       N/A       1%          4
 Fulminant Prism          Conj/Hex       26%        3d13      1%          4
 Petrify                  Tmut/Erth      57%        N/A       1%          4
 Arcjolt                  Conj/Air       32%        1d42      1%          5
 Fireball                 Conj/Fire      34%        3d14      1%          5
 Lightning Bolt           Conj/Air       32%        1d49      1%          5
 Ice Form                 Ice/Tmut       53%        N/A       2%          4
 Starburst                Conj/Fire      34%        6d10      2%          6
 Spider Form              Tmut/Pois      29%        N/A       4%          3
 Vhi's Electric Charge    Tloc/Air       62%        N/A       4%          3
 Summon Guardian Golem    Hex/Summ       28%        N/A       5%          3
 Blink                    Tloc           30%        N/A       6%          2
 Confusing Touch          Hex            15%        N/A       13%         3
 Blade Hands              Tmut           21%        N/A       21%         5
 Dispel Undead            Necr           15%        3d10      41%         4
 Manifold Assault         Tloc           15%        N/A       41%         4
 Passage of Golubria      Tloc           15%        N/A       41%         4
 Silence                  Hex/Air        15%        N/A       41%         5
 Summon Forest            Summ/Tloc      14%        N/A       47%         5
 Summon Mana Viper        Hex/Summ       28%        N/A       47%         5
 Summon Cactus Giant      Summ           21%        N/A       77%         6
 Simulacrum               Ice/Necr       20%        N/A       78%         6
 Ozocubu's Refrigeration  Ice            30%        4d14      30%         7
 Lehudib's Crystal Spear  Conj/Erth      36%        10d9      54%         8
 Storm Form               Tmut/Air       22%        N/A       99%         7
 Dragon Form              Tmut           21%        N/A       100%        7
 Statue Form              Tmut/Erth      Unusable   N/A       N/A         6

Dungeon Overview and Level Annotations

Branches:
Dungeon (15/15)            Temple (1/1) D:7            Lair (5/5) D:10
 Shoals (0/4) Lair:2       Spider (4/4) Lair:2        Slime (0/5) Lair:5
    Orc (2/2) D:11         Vaults (1/5) D:14         Depths (0/4) D:15
Ossuary (visited)         Gauntlet (visited)
    Elf: Orc:2

Altars:
Dithmenos
Fedhas
Gozag
Hepliaklqana
Kikubaaqudgha
Makhleb
Nemelex Xobeh
Okawaru
Qazlal
Ru
Sif Muna
Trog
Uskayaw
Vehumet
Wu Jian
Xom
Yredelemnul
Zin
The Shining One

Shops:
D:4 *   D:15 !   Orc:2 ?!*(*

Annotations:
D:5 1 runed translucent door, Zenkrye's ghost, novice HuCA
Lair:1 3 runed translucent doors, necrobotica's ghost, novice MiFi
Spider:4 1 runed translucent door, Lobster4's ghost, adept GrEE
Orc:1 3 runed translucent doors, Ajaona's ghost, journeyman GrFi


Innate Abilities, Weirdness & Mutations

You are immune to sickness and miasma.
Your stone body is resilient. (AC +12)
You are immune to poison.
Your large and strong wings let you fly.
You resist negative energy. (rN+)
You are resistant to electric shocks. (rElec)
You are resistant to unholy torment.
You are immune to petrification.
Your spells are a little easier to cast, but a little less powerful.


Message History

The arrow hits the centaur warrior!!
You kill the centaur warrior!
Vehumet accepts your kill.
You feel your power returning.
The centaur warrior is engulfed in freezing vapours.
The centaur warrior is engulfed in freezing vapours. x2
The centaur warrior shoots an arrow.
The arrow hits you.
The centaur warrior is engulfed in freezing vapours.
The centaur warrior shoots an arrow.
You reflect the arrow off an invisible shield around you!
The arrow hits the centaur warrior!!
You kill the centaur warrior!
Vehumet accepts your kill.
You feel your power returning.
There is an open door here.
You start resting.
Magic restored.
The centaur warrior shoots an arrow.
The arrow hits you!
* * * LOW HITPOINT WARNING * * *
The centaur warrior shoots an arrow.
The arrow hits you but does no damage.
The centaur warrior shoots an arrow.
You reflect the arrow off an invisible shield around you!
The arrow closely misses the centaur warrior.
There is an open door here.
Casting: Freezing Cloud (mildly dangerous; 1% risk of failure)
Confirm with . or Enter, or press ? or * to list all spells.
Aiming: Freezing Cloud (mildly dangerous; 1% risk of failure)
Press: ? - help, Dir - move target, f - centaur warrior
Aim: a centaur warrior, wielding a +0 longbow (severely wounded)
You feel a surge of power!
The centaur warrior is engulfed in freezing vapours.
The centaur warrior shoots an arrow.
The arrow hits you!!
* * * LOW HITPOINT WARNING * * *
The centaur warrior is engulfed in freezing vapours. x2
The centaur warrior shoots an arrow.
The arrow hits you!
* * * LOW HITPOINT WARNING * * *
The arrow freezes you.
* * * LOW HITPOINT WARNING * * *
The centaur warrior is engulfed in freezing vapours.
The centaur warrior shoots an arrow.
The arrow hits you!
You die...

#....# ##...## #.......#
#....#############.......#
#........................#
#........................#
#....))..................#
#cc......§c§.............#
...c....§c§.............#
........§c§.............#
.###########@##'##......#
#......##......+
#......##......#
#......##......#
#......##........
#......##....####
#......##....#
#########....#


You could see 3 centaur warriors.

Vanquished Creatures
  Roxanne (Spider:1)
  Kirke (Spider:4)
  9 emperor scorpions
  A vault warden (Vaults:1)
  3 ghost moths
  2 broodmothers
  2 spark wasps
  A dire elephant (Lair:2)
  Azrael (D:15)
  A minotaur (Gauntlet)
  An entropy weaver (Spider:3)
  Harold (Orc:1)
  A great orb of eyes (shapeshifter) (Gauntlet)
  4 hydras
  An ironbound frostheart (Vaults:1)
  A catoblepas (Lair:2)
  A jorogumo (Spider:4)
  A radroach (Spider:4)
  7 centaur warriors
  2 boulder beetles
  A tengu warrior (D:13)
  5 two-headed ogres
  5 death yaks (Lair:3)
  A vampire mage (D:15)
  5 orc high priests
  Urug (D:12)
  Sonja (Lair:4)
  A golden dragon zombie (D:15)
  2 skeletal warriors (D:15)
  6 pharaoh ants
  9 orb spiders
  3 sun moths (Spider:1)
  4 steelbarb worms
  Pikel (D:6)
  2 deep elf pyromancers
  3 harpies (Lair:2)
  A necromancer (D:15)
  6 orc knights
  A fire giant zombie (D:15)
  7 orc sorcerers
  4 ugly things
  5 cyclopes
  An iron dragon skeleton (D:15)
  23 wolf spiders
  A salamander (shapeshifter) (D:15)
  4 manticores
  17 elephants
  7 demonic crawlers
  5 moths of wrath
  Joseph (D:7)
  4 torpor snails
  4 black mambas
  8 cane toads
  2 gargoyles
  A torpor snail (shapeshifter) (Gauntlet)
  2 freezing wraiths
  5 rime drakes
  4 yaktaurs (Vaults:1)
  An efreet (D:14)
  13 komodo dragons
  4 polar bears (Lair:5)
  7 trolls
  8 meliai
  A tyrant leech (Gauntlet)
  8 hornets
  A queen bee (Gauntlet)
  35 tarantellas
  17 blink frogs
  A raiju (shapeshifter) (D:14)
  35 jumping spiders
  21 slime creatures
  A spriggan (shapeshifter) (Gauntlet)
  13 spriggans (Lair:5)
  17 culicivoras
  2 shadows
  5 wyverns
  39 yaks
  3 fire elementals (D:15)
  3 hogs (Spider:4)
  2 wraiths
  Eustachio (D:6)
  6 vampire mosquitoes
  2 basilisks
  49 redbacks
  A glowing shapeshifter zombie (D:15)
  7 wargs
  Edmund (D:6)
  7 swamp worms
  An acid dragon (D:11)
  2 hell hounds (D:15)
  14 water moccasins
  A sky beast (D:7)
  A swamp drake (Lair:3)
  30 orc warriors
  8 black bears
  2 ice beasts
  A hornet zombie (D:8)
  6 ogres
  21 wolves
  3 boggarts (Lair:5)
  10 centaurs
  2 lemures (D:6)
  A phantom (D:5)
  A kobold brigand (D:9)
  2 necrophages
  A gnoll sergeant (D:6)
  6 scorpions
  11 bullfrogs
  17 wights
  8 killer bees
  4 electric eels
  8 howler monkeys
  6 hounds
  8 jellies
  26 orc priests
  3 gnoll boudas
  16 iguanas
  20 orc wizards
  A killer bee zombie (D:8)
  11 mummies (Ossuary)
  26 gnolls
  8 adders
  A white imp (D:7)
  3 ufetubi
  6 worms
  81 orcs
  9 ball pythons
  8 endoplasms
  4 giant cockroaches
  A gnoll zombie (D:6)
  8 goblins
  8 hobgoblins
  3 jackals
  11 kobolds
  4 quokkas
  7 bats
  24 frilled lizards
  2 gnoll skeletons (Ossuary)
  2 goblin skeletons (Ossuary)
  A kobold skeleton (Ossuary)
  3 orc skeletons (Ossuary)
  3 rats (D:2)
  11 rat skeletons (Ossuary)
1002 creatures vanquished.

Vanquished Creatures (collateral kills)
  An orc sorcerer (Orc:1)
  2 orc wizards (Orc:1)
  3 orcs (Orc:1)
6 creatures vanquished.

Vanquished Creatures (others)
  A meliai (Spider:4)
  A basilisk (D:15)
  A demonic plant (D:2)
  42 fungi
  70 plants
  9 toadstools (Lair:2)
  A withered plant (D:4)
125 creatures vanquished.

Grand Total: 1133 creatures vanquished

Notes
Turn   | Place    | Note
-------+----------+-------------------------------------------
     0 | D:1      | hikkokomori the Gargoyle Earth Elementalist began the quest
                  | for the Orb.
     0 | D:1      | Reached XP level 1. HP: 10/10 MP: 3/3
   279 | D:1      | Reached XP level 2. HP: 15/15 MP: 3/5
  1085 | D:2      | Reached XP level 3. HP: 17/19 MP: 1/6
  1438 | D:2      | Reached XP level 4. HP: 23/24 MP: 7/7
  1754 | D:2      | Found a basalt altar of Yredelemnul.
  1789 | D:2      | Reached skill level 5 in Earth Magic
  2010 | D:2      | Found a faded altar of an unknown god.
  2010 | D:2      | Noticed a hell beast
  2502 | D:3      | Reached XP level 5. HP: 26/28 MP: 2/8
  2753 | D:3      | Found a shimmering altar of Xom.
  3306 | D:3      | Learned a level 3 spell: Stone Arrow
  3448 | D:4      | Reached skill level 1 in Fighting
  3448 | D:4      | Reached skill level 5 in Stealth
  3448 | D:4      | Reached skill level 1 in Conjurations
  3450 | D:4      | Reached XP level 6. HP: 34/34 MP: 3/9
  3663 | D:4      | Found Kuimedoe's Overcharged Wands.
  3830 | D:4      | Found an ancient bone altar of Kikubaaqudgha.
  4144 | D:4      | Found a glowing silver altar of Zin.
  4278 | D:5      | Entered Level 5 of the Dungeon
  4286 | D:5      | Found a runed translucent door.
  4292 | D:5      | Noticed Zenkrye's ghost (novice HuCA)
  4335 | D:5      | Reached XP level 7. HP: 40/40 MP: 0/10
  4823 | D:5      | Reached XP level 8. HP: 46/46 MP: 11/11
  4885 | D:5      | Found a sparkling altar of Nemelex Xobeh.
  5171 | D:5      | Learned a level 5 spell: Freezing Cloud
  5264 | D:6      | Noticed Pikel
  5326 | D:6      | Reached skill level 1 in Ice Magic
  5326 | D:6      | Reached skill level 1 in Air Magic
  5352 | D:6      | Killed Pikel
  5353 | D:6      | Reached skill level 5 in Fighting
  5353 | D:6      | Reached XP level 9. HP: 54/54 MP: 2/12
  5469 | D:6      | Reached skill level 5 in Conjurations
  5506 | D:6      | Found an ornate altar of the Wu Jian Council.
  5559 | D:6      | Found a blossoming altar of Fedhas.
  5656 | D:6      | HP: 2/54 [wight/+4 spear (9)]
  5696 | D:6      | Noticed Eustachio
  5703 | D:6      | Noticed Edmund
  5761 | D:6      | Found a sand-covered staircase.
  5770 | Ossuary  | Entered an ossuary
  5972 | Ossuary  | Reached skill level 1 in Polearms
  6273 | D:6      | Killed Edmund
  6283 | D:6      | Killed Eustachio
  6579 | D:6      | Found a bloodstained altar of Trog.
  6948 | D:7      | Found a staircase to the Ecumenical Temple.
  6956 | Temple   | Entered the Ecumenical Temple
  7013 | Temple   | Became a worshipper of Vehumet
  7072 | D:7      | Identified a scroll of acquirement
  7073 | D:7      | Acquired the +2 helmet of Voracious Fun {rPois Str+3 Int+5}
  7086 | D:7      | Noticed Joseph
  7098 | D:7      | Killed Joseph
  7099 | D:7      | Reached XP level 10. HP: 35/60 MP: 2/14
  7644 | D:7      | Identified the +0 buckler of Ignis's Castigation {rC++}
  7672 | D:7      | Reached * piety under Vehumet
  7672 | D:7      | Offered knowledge of Shock by Vehumet.
  8471 | D:8      | Found a basalt altar of Yredelemnul.
  8580 | D:8      | Found an opulent altar of Gozag.
  8703 | D:9      | Found a shimmering blue altar of Sif Muna.
  8710 | D:9      | Reached skill level 5 in Ice Magic
  8796 | D:9      | Found a burning altar of Makhleb.
  9006 | D:9      | Reached ** piety under Vehumet
  9006 | D:9      | Offered knowledge of Static Discharge by Vehumet.
  9029 | D:9      | Reached XP level 11. HP: 66/66 MP: 15/15
  9086 | D:9      | You fall into a shaft and drop 1 floor!
  9086 | D:10     | Entered Level 10 of the Dungeon
  9682 | D:10     | Reached skill level 5 in Air Magic
 10076 | D:9      | Found an iron altar of Okawaru.
 10328 | D:9      | Found a sacrificial altar of Ru.
 10622 | D:7      | Learned a level 3 spell: Ignite Poison
 10689 | D:10     | Reached skill level 5 in Polearms
 10694 | D:10     | Reached skill level 1 in Shields
 10694 | D:10     | Reached skill level 1 in Transmutations
 10846 | D:10     | Found a staircase to the Lair.
 10916 | D:10     | Offered knowledge of Inner Flame by Vehumet.
 10917 | D:10     | Reached skill level 1 in Fire Magic
 10920 | D:10     | Learned a level 2 spell: Passwall
 11049 | D:10     | Noticed a wizard
 11074 | Lair:1   | Entered Level 1 of the Lair of Beasts
 11110 | Lair:1   | Found a runed translucent gate.
 11110 | Lair:1   | Found a runed translucent gate.
 11110 | Lair:1   | Found a runed translucent gate.
 11111 | Lair:1   | Noticed a nine-headed hydra
 11112 | Lair:1   | Noticed a 12-headed hydra
 11112 | Lair:1   | Noticed necrobotica's ghost (novice MiFi)
 12085 | Lair:2   | Reached *** piety under Vehumet
 12104 | Lair:2   | Found a gate leading to a gauntlet.
 12114 | Gauntlet | Entered a Gauntlet
 12114 | Gauntlet | Found a transporter.
 12114 | Gauntlet | Found a transporter.
 12136 | Gauntlet | Found a transporter.
 12155 | Gauntlet | Found a transporter.
 12158 | Gauntlet | Found a transporter.
 12159 | Gauntlet | Found a transporter.
 12162 | Gauntlet | Found a transporter.
 12162 | Gauntlet | Found a transporter.
 12165 | Gauntlet | Noticed a catoblepas
 12168 | Gauntlet | Noticed a death scarab
 12173 | Gauntlet | Noticed a spectral death yak
 12187 | Gauntlet | Found a transporter.
 12203 | Gauntlet | Found a transporter.
 12206 | Gauntlet | Noticed a death scarab
 12213 | Gauntlet | Found a transporter.
 12221 | Gauntlet | Found a transporter.
 12229 | Gauntlet | Noticed a minotaur
 12271 | Gauntlet | Found a transporter.
 12290 | Gauntlet | Noticed a worldbinder
 12294 | Gauntlet | Found a transporter.
 12325 | Gauntlet | a komodo dragon changed into a salamander
 12325 | Gauntlet | Noticed a salamander (shapeshifter)
 12353 | Gauntlet | a salamander changed into a polar bear
 12433 | Gauntlet | Noticed a two-headed ogre
 12434 | Gauntlet | a two-headed ogre changed into a wolf spider
 12434 | Gauntlet | Noticed a wolf spider (shapeshifter)
 12473 | Gauntlet | a wolf spider changed into a great orb of eyes
 12473 | Gauntlet | Noticed a great orb of eyes (shapeshifter)
 12495 | Gauntlet | Killed a great orb of eyes
 12496 | Gauntlet | Reached XP level 12. HP: 69/72 MP: 2/18
 12771 | Gauntlet | Reached skill level 5 in Shields
 12873 | Gauntlet | Identified the ring "Hoifepn" {rElec rPois rF+ Will+}
 12895 | Gauntlet | Killed a minotaur
 13055 | Gauntlet | Identified the +0 leather armour of Nemelex Xobeh {rF+
                  | Dex+4}
 13241 | Lair:2   | Learned a level 3 spell: Vhi's Electric Charge
 13286 | Lair:2   | Offered knowledge of Sticky Flame by Vehumet.
 13574 | Lair:2   | Found a staircase to the Shoals.
 13596 | Lair:2   | Reached skill level 5 in Spellcasting
 13943 | Lair:2   | Found a hole to the Spider Nest.
 14283 | Lair:2   | Noticed a catoblepas
 14283 | Lair:2   | Noticed a dire elephant
 14306 | Lair:2   | Found a runed translucent door.
 14466 | Lair:2   | Reached **** piety under Vehumet
 15015 | Lair:3   | Noticed a death yak
 15016 | Lair:3   | Noticed a death yak
 15016 | Lair:3   | Noticed a death yak
 15018 | Lair:3   | Noticed a death yak
 15019 | Lair:3   | Noticed a death yak
 15023 | Lair:3   | Killed a death yak
 15025 | Lair:3   | Killed a death yak
 15025 | Lair:3   | Killed a death yak
 15025 | Lair:3   | Killed a death yak
 15026 | Lair:3   | Reached skill level 5 in Fire Magic
 15026 | Lair:3   | Reached XP level 13. HP: 55/79 MP: 16/21
 15311 | Lair:3   | Offered knowledge of Iskenderun's Battlesphere by Vehumet.
 15324 | Lair:3   | Learned a level 5 spell: Fireball
 15794 | Lair:3   | Reached ***** piety under Vehumet
 15835 | Lair:3   | Offered knowledge of Conjure Ball Lightning by Vehumet.
 16057 | Lair:3   | Identified the +0 ring mail "Tuydusau" {*Slow rF- rC++
                  | Regen+ Dex+8}
 16786 | Lair:4   | Identified the +2 helmet of Naeguag {-Tele +Inv rF++ Int+2}
 17075 | Lair:4   | Noticed Sonja
 17084 | Lair:4   | Killed Sonja
 17528 | Lair:4   | You fall into a shaft and drop 1 floor!
 17528 | Lair:5   | Entered Level 5 of the Lair of Beasts
 18119 | Lair:5   | Identified the +4 shortbow of Osaicl Myibu {antimagic,
                  | Str+8}
 18269 | Lair:5   | Reached skill level 10 in Fighting
 18294 | Lair:5   | Gained mutation: Your large and strong wings let you fly.
                  | [Gargoyle growth]
 18294 | Lair:5   | Reached XP level 14. HP: 46/88 MP: 18/24
 18328 | Lair:5   | Found a staircase to the Slime Pits.
 19073 | Lair:5   | Identified the +1 leather armour of Untruth {Str+2}
 20062 | Lair:2   | Killed a dire elephant
 20062 | Lair:2   | Offered knowledge of Iron Shot by Vehumet.
 20080 | Lair:2   | Learned a level 6 spell: Iron Shot
 20110 | Lair:2   | Identified the +10 hand axe of the People {speed, rF+}
 20422 | D:11     | Reached skill level 10 in Conjurations
 20795 | D:11     | Found a staircase to the Orcish Mines.
 21216 | D:12     | Noticed Urug
 21223 | D:12     | Killed Urug
 21372 | D:12     | Found a stormy altar of Qazlal.
 21391 | D:12     | Reached skill level 1 in Armour
 21792 | D:12     | Reached XP level 15. HP: 94/94 MP: 15/25
 21854 | D:12     | Reached skill level 10 in Earth Magic
 22157 | Orc:1    | Entered Level 1 of the Orcish Mines
 22298 | Orc:1    | Offered knowledge of Yara's Violent Unravelling by Vehumet.
 22356 | Orc:1    | Noticed Ajaona's ghost (journeyman GrFi)
 22359 | Orc:1    | Found a runed translucent gate.
 22359 | Orc:1    | Found a runed translucent gate.
 22360 | Orc:1    | Found a runed translucent gate.
 22423 | Orc:1    | Noticed Harold
 22709 | Orc:1    | Killed Harold
 23255 | Orc:2    | Entered Level 2 of the Orcish Mines
 23556 | Orc:2    | Found Siawkuqu's Magic Scroll Boutique.
 23561 | Orc:2    | Bought a scroll of enchant weapon for 82 gold pieces
 23757 | Orc:2    | Offered knowledge of Ozocubu's Refrigeration by Vehumet.
 24227 | Orc:2    | Found Ukheuche's Assorted Antiques.
 24227 | Orc:2    | Found Kuehea's Distillery.
 24228 | Orc:2    | Found Qeicept's General Store.
 24228 | Orc:2    | Found Caedyser's Weapon Boutique.
 24427 | Orc:2    | Learned a level 7 spell: Ozocubu's Refrigeration
 25579 | D:14     | Reached skill level 5 in Armour
 25989 | D:14     | Found a gate to the Vaults.
 26485 | D:15     | Entered Level 15 of the Dungeon
 26540 | D:15     | Found a staircase to the Depths.
 26651 | D:15     | Noticed Azrael
 26670 | D:15     | Killed Azrael
 26928 | D:15     | Identified the +0 dire flail of Feuffoish {vamp, rC+ rCorr
                  | Str+5}
 26934 | D:15     | Found Finuj's Distillery.
 26943 | D:15     | Bought a potion of cancellation for 112 gold pieces
 26943 | D:15     | Bought a potion of haste for 140 gold pieces
 26943 | D:15     | Bought a potion of heal wounds for 70 gold pieces
 26943 | D:15     | Bought a potion of invisibility for 112 gold pieces
 26966 | D:15     | Reached skill level 1 in Evocations
 26966 | D:15     | Reached XP level 16. HP: 81/100 MP: 29/29
 27421 | Spider:1 | Entered Level 1 of the Spider Nest
 27421 | Spider:1 | Identified Roxanne's Book of Earth
 27421 | Spider:1 | Noticed Roxanne
 27434 | Spider:1 | Reached skill level 5 in Dodging
 27576 | Spider:2 | Reached ****** piety under Vehumet
 27576 | Spider:2 | Offered knowledge of Spellforged Servitor by Vehumet.
 27593 | Spider:2 | Learned a level 7 spell: Spellforged Servitor
 27594 | Spider:2 | Acquired 978 gold pieces
 27920 | Spider:2 | Reached skill level 10 in Spellcasting
 28940 | Spider:3 | Offered knowledge of Eringya's Noxious Bog by Vehumet.
 28952 | Spider:3 | Learned a level 5 spell: Irradiate
 29291 | Spider:3 | Reached skill level 1 in Summonings
 29419 | Spider:3 | Learned a level 2 spell: Wereblood
 29637 | Spider:4 | Entered Level 4 of the Spider Nest
 29655 | Spider:4 | Noticed Kirke
 29660 | Spider:4 | Reached skill level 10 in Polearms
 29662 | Spider:4 | Killed Kirke
 29663 | Spider:4 | Reached XP level 17. HP: 106/106 MP: 31/31
 29719 | Spider:4 | Reached skill level 5 in Evocations
 29723 | Spider:4 | Gained mutation: Your spells are a little easier to cast,
                  | but a little less powerful. [mutagenic glow]
 29940 | Spider:4 | Found a runed translucent door.
 29946 | Spider:4 | Offered knowledge of Ignition by Vehumet.
 30161 | Spider:4 | Noticed Lobster4's ghost (adept GrEE)
 30367 | Spider:4 | Reached skill level 10 in Stealth
 30785 | Spider:4 | Got a gossamer rune of Zot
 31241 | Spider:1 | Identified the +1 robe of Durable Intercession {rPois rCorr
                  | Str-2 Dex+2}
 31362 | Spider:1 | Killed Roxanne
 31671 | Vaults:1 | Entered Level 1 of the Vaults
 31970 | Vaults:1 | HP: 3/108 [centaur warrior/arrow (9)]
 31970 | Vaults:1 | Shot with an arrow by a centaur warrior

Illustrated notes

Levels and vault maps discovered:
D:1:      dpeg_arrival_boxes_within_box, layout_loops_corners
D:2:      minmay_diamond_boxcup, layout_loops_corners, serial_aquarium,
          aquarium_bridge_island_small [aquarium_subvault_small_open,
          aquarium_subvault_window, aquarium_subvault_bridge,
          aquarium_subvault_wall, aquarium_subvault_balcony],
          aquarium_window_fake, aquarium_window_fake, aquarium_window_corner,
          aquarium_view_2c, aquarium_balcony_double_1,
          dreamdust_ecumenical_altar_sealed_demon, basic_altar
D:3:      layout_loops_cross, xom_confusion_cloud, kennysheep_generic_room_3
D:4:      layout_cave_pools, kennysheep_little_box, kiku_gazebo_garden_becter,
          nicolae_shop_overcharged_wands
D:5:      layout_loops_ring, mainiacjoe_overflow_cross_hatched,
          hellmonk_ghost_happy_afterlife
D:6:      layout_loops_cross, general_overflow_altar, nzn_wu_jian_contemplation,
          marbit_many_paths, enter_ossuary_3, uniq_pikel, uniq_eustachio,
          uniq_edmund
D:7:      layout_gridville, minmay_temple_entry_wispy,
          wad_floor_pattern_untrapped, minmay_bent, uniq_joseph
D:8:      layout_rooms, lemuel_zombie_altar_yredelemnul,
          mainiacjoe_overflow_surrounded_room
D:9:      layout_loops_ring, nicolae_ru_the_path_less_chosen,
          nicolae_sif_muna_condensation, old_standard_altar,
          mainiacjoe_overflow_small_starburst
D:10:     layout_stronghold, minmay_lair_entry_grove
D:11:     layout_roguey, david_orc_1_choice
D:12:     layout_gridville, special_room [special_room_orc],
          nicolae_qazlal_style_of_elements, uniq_urug
D:13:     layout_rooms, minmay_variable_closet
D:14:     layout_basic, david_vaults_4, small_statue_intersection, minivault_1,
          kennysheep_diamond
D:15:     gammafunk_depths_entry_grave, layout_basic, serial_shops, shop,
          uniq_azrael
Temple:   hellmonk_temple_beads
Lair:1:   layout_regular_city, gammafunk_ghost_hydra_chop, worms_lemuel
Lair:2:   gammafunk_lair_enchanted_lake, layout_regular_city,
          nicolae_shoals_entry_roost, hellmonk_spider_entry_life_and_decay,
          gauntlet_entry_generic, minmay_holes, chequers_serial_rivers_micro_c
Lair:3:   lemuel_reptile_caves, layout_cave_pods
Lair:4:   layout_layer_cave, serial_bayou_pond_a, uniq_sonja
Lair:5:   minmay_lair_end_enchanted_forest, layout_regular_city,
          nicolae_slime_entry_field_trip, st_stairs_9, serial_bayou_pond_a
Spider:1: layout_spider_delve, hellmonk_motheaten_closet, uniq_roxanne
Spider:2: layout_spider_delve
Spider:3: layout_spider_delve
Spider:4: grunt_spider_rune_circles, ebering_ghost_inner_flame, uniq_kirke
Orc:1:    layout_caves, gammafunk_ghost_split, mines4_lemuel, uniq_harold
Orc:2:    st_orc_elflike, layout_caves, serial_shops, nicolae_shop_stone,
          nicolae_orc_lost_temple
Vaults:1: ontoclasm_vaults_idyll, v_misc_18, v_misc_15, v_misc_4,
          ontoclasm_vaults_ring_small, v_misc_9, nicolae_vaults_know_your_exits,
          nicolae_vaults_big_ls, layout_vaults_quadrants

Skill      XL: |  1  2  3  4  5  6  7  8  9 10 11 12 13 14 15 16 17 |
---------------+----------------------------------------------------+-----
Earth Magic    | 4 5 6 7 8 9 10 | 10.3
Stealth        | 3 4 5 6 7 8 9 10 | 10.6
Fighting       | 1 2 3 5 6 7 8 10 11 12 | 12.4
Conjurations   | 1 2 3 4 6 7 8 9 10 12 | 12.8
Ice Magic      | 2 3 5 6 7 8 |  8.4
Air Magic      | 1 3 4 5 |  5.1
Polearms       | 2 4 5 6 8 9 10 | 10.7
Spellcasting   | 3 4 5 7 9 10 | 10.0
Shields        | 4 7 8 |  8.3
Transmutations | 2 4 |  4.3
Fire Magic     | 2 5 6 7 |  7.6
Armour         | 1 5 |  5.1
Dodging        | 2 4 6 7 |  7.5
Evocations     | 1 4 5 |  5.1
Summonings     | 2 4 |  4.3

Action                     |  1- 3 |  4- 6 |  7- 9 | 10-12 | 13-15 | 16-18 || total
---------------------------+-------+-------+-------+-------+-------+-------++-------
  Melee: Dagger            |    23 |    61 |    56 |       |       |       ||   140
         Punch             |       |       |     3 |     3 |       |       ||     6
         Trident           |       |       |   108 |   412 |   631 |       ||  1151
         Demon trident     |       |       |       |       |   106 |   500 ||   606
   Cast: Sandblast         |    37 |   116 |    91 |    35 |     2 |       ||   281
         Stone Arrow       |       |       |    14 |    31 |     7 |       ||    52
         Freezing Cloud    |       |       |       |    30 |    91 |    38 ||   159
         Ignite Poison     |       |       |       |     4 |    29 |       ||    33
         Vhi's Electric Ch |       |       |       |     1 |       |       ||     1
         Fireball          |       |       |       |       |    56 |     8 ||    64
         Iron Shot         |       |       |       |       |    47 |    22 ||    69
         Irradiate         |       |       |       |       |       |    12 ||    12
         Wereblood         |       |       |       |       |       |     2 ||     2
         Spellforged Servi |       |       |       |       |       |     1 ||     1
  Evoke: Box of beasts     |       |       |       |       |     1 |       ||     1
         Condenser vane    |       |       |       |       |       |     1 ||     1
         Wand              |       |       |       |       |       |     2 ||     2
    Use: Scroll            |       |     4 |    15 |     3 |    19 |    13 ||    54
         Potion            |       |       |     7 |     5 |     2 |     7 ||    21
   Stab: Sleeping          |     1 |       |    17 |     6 |    19 |    13 ||    56
         Distracted        |       |       |     1 |     2 |     4 |    15 ||    22
 Armour: Robe              |    17 |    51 |    85 |   152 |       |     9 ||   314
         Leather armour    |       |       |       |    29 |   205 |       ||   234
         Scale mail        |       |       |       |     4 |       |       ||     4
         Ring mail         |       |       |       |       |    71 |   367 ||   438
  Dodge: Dodged            |    28 |    72 |   126 |   202 |   252 |   353 ||  1033
  Block: Other             |       |       |       |    38 |       |       ||    38
         Buckler           |       |       |       |    79 |   249 |   362 ||   690
         Reflection        |       |       |       |       |     9 |     8 ||    17

Table legend: (Time is in decaauts)
 A = Elapsed time spent in this place.
 B = Non-inter-level travel time spent in this place.
 C = Inter-level travel time spent in this place.
 D = Time resting spent in this place.
 E = Time spent auto-exploring this place.
 F = Levels seen in this place.
 G = Mean time per level.
                   A        B        C        D        E       F      G
               +--------+--------+--------+--------+--------+-----+--------+
         Total |  32169 |  30149 |   2020 |   1651 |  21366 |  30 | 1072.3 |
       Dungeon |  15368 |  14268 |   1100 |    275 |  11138 |  15 | 1024.5 |
        Temple |    105 |     57 |     48 |      0 |     49 |   1 |  105.0 |
          Lair |   8584 |   7903 |    681 |    164 |   6280 |   5 | 1716.8 |
   Spider Nest |   4025 |   3924 |    101 |    574 |   2023 |   4 | 1006.2 |
  Orcish Mines |   2333 |   2246 |     87 |    353 |   1305 |   2 | 1166.5 |
        Vaults |    293 |    293 |      0 |      0 |    191 |   1 |  293.0 |
       Ossuary |    455 |    455 |      0 |      0 |    316 |   1 |  455.0 |
      Gauntlet |   1004 |   1004 |      0 |    284 |     64 |   1 | 1004.0 |
               +--------+--------+--------+--------+--------+-----+--------+

Top non-repeatable levels by time:
  Lair:2: 2470 daAuts
  Lair:5: 2237 daAuts
  Lair:3: 1827 daAuts
     D:2: 1541 daAuts
    D:10: 1435 daAuts
   Orc:1: 1243 daAuts
  Lair:1: 1147 daAuts
     D:6: 1145 daAuts
Spider:2: 1125 daAuts
Spider:4: 1100 daAuts
   Orc:2: 1090 daAuts
    D:14: 1058 daAuts
    D:12: 1020 daAuts
     D:9: 1013 daAuts
    D:11: 1009 daAuts
